 Dungeon Crawl Stone Soup version 0.30-a0-1018-g25214051b3 (webtiles) character file.

Game seed: 9222469697544309717

140 BlueFish the Grasshopper (level 5, -2/34 (35) HPs)
             Began as an Octopode Warper on Apr 7, 2023.
             Slain by Ijyb
             ... wielding a +6 dagger of draining
              (8 damage)
             ... on level 3 of the Dungeon.
             The game lasted 00:06:02 (2973 turns).

BlueFish the Grasshopper (Octopode Warper)          Turns: 2973, Time: 00:06:02

HP:   -2/34 (35)    AC:  1    Str: 12 (13) XL:     5   Next: 22%
MP:   8/8           EV: 15    Int: 12 (15) God:
Gold: 178           SH:  0    Dex: 10 (11) Spells: 2/9 levels left

rFire   . . .      SeeInvis +      - Unarmed
rCold   . . .      Faith    .    (no shield)
rNeg    . . .      Spirit   .    (helmet restricted)
rPois   .          Reflect  .    (no amulet)
rElec   .          Rampage  .    k - ring of willpower
rCorr   .                        n - ring of see invisible
Will    +....                    l - +5 ring of evasion
Stlth   +++                      (no ring)
HPRegen 0.25/turn                (no ring)
MPRegen 0.11/turn                (no ring)
                                 (no ring)
                                 (no ring)

@: grasped by roots, constricted, lightly drained
A: almost no armour, amphibious, 8 rings, camouflage 1, gelatinous body 1,
(nimble swimmer 1), tentacles
a: no special abilities


You were on level 3 of the Dungeon.
You visited 1 branch of the dungeon, and saw 3 of its levels.

You collected 178 gold pieces.

Inventory:

Missiles
 b - 5 boomerangs of dispersal (quivered)
Jewellery
 k - a ring of willpower (left tentacle)
 l - a +5 ring of evasion (on tentacle)
 n - a ring of see invisible (right tentacle)
Scrolls
 a - 2 scrolls of blinking
 c - a scroll of teleportation {unknown}
 g - 3 scrolls of noise {unknown}
 h - a scroll of enchant armour {unknown}
 i - a scroll of poison {unknown}
 j - a scroll of magic mapping {unknown}
 o - a scroll of identify {unknown}
 q - a scroll of enchant weapon {unknown}
Potions
 d - a potion of lignification {unknown}
 e - a potion of cancellation {unknown}
 m - 2 potions of brilliance {unknown}
 p - 2 potions of degeneration


   Skills:
 + Level 2.5 Fighting
 + Level 1.7 Throwing
 + Level 3.0 Dodging
 * Level 3.1 Stealth
 + Level 2.5 Unarmed Combat
 + Level 2.5 Spellcasting
 + Level 3.4 Translocations


You had 2 spell levels left.
You knew the following spells:

 Your Spells              Type           Power      Damage    Failure   Level
a - Blink                 Tloc           18%        N/A       10%         2
b - Lesser Beckoning      Tloc           18%        N/A       10%         2
c - Teleport Other        Tloc           9%         N/A       19%         3

Your spell library contained the following spells:

 Spells                   Type           Power      Damage    Failure   Level
 Beastly Appendage        Tmut           2%         N/A       26%         1
 Wereblood                Tmut           1%         N/A       36%         2
 Vhi's Electric Charge    Tloc/Air       10%        N/A       36%         3
 Manifold Assault         Tloc           9%         N/A       52%         4
 Ozocubu's Armour         Ice            1%         N/A       61%         3
 Spider Form              Tmut/Pois      1%         N/A       61%         3
 Metabolic Englaciation   Hex/Ice        0%         N/A       100%        5
 Simulacrum               Ice/Necr       0%         N/A       100%        6


Dungeon Overview and Level Annotations

Branches:
Dungeon (3/15)

Altars:
Ashenzari

Shops:
D:2 *

Annotations:
D:2 1 runed translucent door, Crazy Yiuf
D:3 Grinder, Ijyb


Innate Abilities, Weirdness & Mutations

You cannot wear most types of armour.
You are amphibious.
You can wear up to eight rings at the same time.
Your skin changes colour to match your surroundings (Stealth+).
Your rubbery body absorbs attacks. (AC +1, EV +1)
((You are camouflaged when in or above water. (Stealth+)))
You have tentacles for arms and can constrict up to eight enemies at once.


Message History

There is a stone staircase leading down here.
You enter the deep water.
You see here 2 stones.
You enter the deep water.
You see here a +0 leather armour.
You see here a +0 dagger.
Partly explored, can't reach some places.
Press: ? - help, . - travel You can't see that place. [the floor.] Reduced exclusion size to a single square.
Removed exclusion.
Ijyb screams, "Me very upset!"
Throw: 3 darts (poison)
Press: ? - help, Shift-Dir - straight line, f - Ijyb
Aim: Ijyb, wielding a +6 dagger of draining, wearing a +1 scale mail of fire resistance and carrying a wand of roots (5) (52% to hit)
You throw a poisoned dart. The poisoned dart closely misses Ijyb.
Ijyb zaps a wand.
The roots erupt in riotous growth!
The grasping roots grab you! The grasping roots constrict you.
Throw: 2 darts (poison)
Press: ? - help, Shift-Dir - straight line, f/p - Ijyb
Aim: Ijyb, wielding a +6 dagger of draining, wearing a +1 scale mail of fire resistance and carrying a wand of roots (4) (52% to hit)
You throw a poisoned dart. The poisoned dart hits Ijyb.
Ijyb is poisoned.
The grasping roots constrict you.
Throw: dart (poison)
Press: ? - help, Shift-Dir - straight line, f/p - Ijyb
Aim: Ijyb, wielding a +6 dagger of draining, wearing a +1 scale mail of fire resistance and carrying a wand of roots (4) (poisoned, 52% to hit)
You throw a poisoned dart. The poisoned dart closely misses Ijyb.
The grasping roots constrict you.
You tentacle-slap Ijyb. Your grab misses Ijyb.
Ijyb is lightly wounded.
Ijyb hits you with a +6 dagger of draining!
You feel drained. The grasping roots constrict you.
* * * LOW HITPOINT WARNING * * *
It was a potion of degeneration.
There was something very wrong with that liquid.
You feel weakened.
You feel dopey.
You feel clumsy.
Ijyb hits you with a +6 dagger of draining!
You die...

#.#########.########.## #..
#.# #...........# #.. #.#
##########..# #.. #.# #..#
##. #.# #..# #. #.# #..# #.
#.# #<.# ##.
#.############### #..#####..
#...........@g.(# #.........
###############(......#####..
######### ##. #. ##


You could see Ijyb (poisoned).

Vanquished Creatures
  Terence (D:3)
  5 adders
  2 worms
  A dart slug (D:1)
  5 ball pythons
  6 endoplasms
  3 giant cockroaches
  6 hobgoblins
  3 kobolds
  5 quokkas
  2 bats (D:2)
  4 frilled lizards
  9 goblins
  7 rats
59 creatures vanquished.

Notes
Turn   | Place    | Note
-------+----------+-------------------------------------------
     0 | D:1      | BlueFish the Octopode Warper began the quest for the Orb.
     0 | D:1      | Reached XP level 1. HP: 14/14 MP: 3/3
   126 | D:1      | You fall into a shaft and drop 1 floor!
   213 | D:1      | Reached skill level 1 in Stealth
   219 | D:1      | Reached XP level 2. HP: 14/19 MP: 5/5
   304 | D:1      | Learned a level 2 spell: Blink
   307 | D:1      | Learned a level 2 spell: Lesser Beckoning
   978 | D:2      | Found Tunihergh's General Store.
  1000 | D:2      | Reached XP level 3. HP: 4/24 MP: 6/6
  1215 | D:2      | Reached XP level 4. HP: 29/29 MP: 7/7
  1219 | D:2      | Learned a level 3 spell: Teleport Other
  1638 | D:2      | Found a runed translucent door.
  1639 | D:2      | Noticed Crazy Yiuf
  2015 | D:3      | Noticed Ijyb
  2172 | D:3      | Found a broken altar of Ashenzari.
  2264 | D:3      | Noticed Grinder
  2528 | D:3      | Noticed Terence
  2540 | D:3      | Killed Terence
  2541 | D:3      | Reached XP level 5. HP: 22/35 MP: 8/8
  2973 | D:3      | Slain by Ijyb

Illustrated notes

Levels and vault maps discovered:
D:1:      dpeg_arrival_chambers_temple_mockup, layout_loops_ring
D:2:      layout_basic, serial_shops, nicolae_shop_hallway_stairs,
          minmay_quadrilaterals, uniq_crazy_yiuf_cottage
D:3:      layout_loops_ring, ashenzari_altar_1, corexii_item_surrounded_by_moat,
          uniq_ijyb, uniq_terence, uniq_grinder

Skill      XL: |  1  2  3  4 |
---------------+-------------+-----
Stealth        | 1 2 3 |  3.1
Dodging        | 3 |  3.0
Fighting       | |  2.5
Throwing       | |  1.7
Unarmed Combat | |  2.5
Spellcasting   | |  2.5
Translocations | |  3.4

Action                     |  1- 3 |  4- 6 || total
---------------------------+-------+-------++-------
  Melee: Unarmed           |    68 |    84 ||   152
         Constrict         |    14 |    20 ||    34
         Tentacles         |     9 |    21 ||    30
         Punch             |     1 |     2 ||     3
  Throw: Boomerang         |     2 |       ||     2
         Dart              |     1 |     6 ||     7
    Use: Potion            |       |     1 ||     1
   Stab: Sleeping          |     5 |     6 ||    11
         Distracted        |     1 |     1 ||     2
 Armour: Skin              |     3 |     4 ||     7
  Dodge: Dodged            |    37 |    46 ||    83

Table legend: (Time is in decaauts)
 A = Elapsed time spent in this place.
 B = Non-inter-level travel time spent in this place.
 C = Inter-level travel time spent in this place.
 D = Time resting spent in this place.
 E = Time spent auto-exploring this place.
 F = Levels seen in this place.
 G = Mean time per level.
                   A        B        C        D        E       F      G
               +--------+--------+--------+--------+--------+-----+--------+
         Total |   2965 |   2880 |     85 |      0 |   2326 |   3 |  988.3 |
       Dungeon |   2965 |   2880 |     85 |      0 |   2326 |   3 |  988.3 |
               +--------+--------+--------+--------+--------+-----+--------+

Top non-repeatable levels by time:
     D:2: 1094 daAuts
     D:3: 956 daAuts
     D:1: 914 daAuts
